[Event "TePe Sigeman & Co Chess Tournament 2024"]
[Site "Elite Plaza Hotel, Gustav Adolfs Torg 49, Malmo, Sweden"]
[Date "2024.05.01"]
[Round "5.1"]
[White "Erigaisi, Arjun"]
[Black "Keymer, Vincent"]
[Result "1/2-1/2"]
[TimeControl "90 minutes for 40 moves + 30 minutes for the rest of the game + 30 seconds per move from move one."]
[WhiteTitle "GM"]
[BlackTitle "GM"]
[WhiteFideId "35009192"]
[BlackFideId "12940690"]
[WhiteElo "2756"]
[BlackElo "2726"]

1. e4 e5 2. Nf3 Nc6 3. Bb5 a6 4. Ba4 Nf6 5. O-O Be7 6. Re1 b5 7. Bb3 O-O 8. h3 Bb7 9. d3 d5 10.
exd5 Nxd5 11. Nbd2 Nd4 12. Nxd4 exd4 13. Qf3 Ra7 14. Qf5 g6 15. Qe5 Bf6 16. Qg3 Ne3 17. Ne4 Bxe4 18. dxe4 c5 19.
c3 Nc4 20. a4 Rd7 21. axb5 axb5 22. cxd4 Rxd4 23. Bxc4 Rxc4 24. e5 Re8 25. Bh6 Bg7 26. Bxg7 Kxg7 27. b3 Rd4 28. e6 Qd6 29.
Qxd6 Rxd6 30. Re5 Rdxe6 31. Rxc5 Re5 32. Rac1 Kf6 33. Kf1 h5 34. Rxe5 Rxe5 35. Rc6+ Re6 36. Rc5 Re5 37. Rc6+ Re6 38.
Rc5 Re5 39. Rc6+ Re6 1/2-1/2

[ePGN "0.1;DGT LiveChess/2.2.6"]

[Event "TePe Sigeman & Co Chess Tournament 2024"]
[Site "Elite Plaza Hotel, Gustav Adolfs Torg 49, Malmo, Sweden"]
[Date "2024.05.01"]
[Round "5.2"]
[White "Svidler, Peter"]
[Black "Korobov, Anton"]
[Result "1-0"]
[TimeControl "90 minutes for 40 moves + 30 minutes for the rest of the game + 30 seconds per move from move one."]
[WhiteTitle "GM"]
[BlackTitle "GM"]
[WhiteFideId "4102142"]
[BlackFideId "14105730"]
[WhiteElo "2689"]
[BlackElo "2651"]

1. e4 c5 2. Nf3 d6 3. Nc3 Nf6 4. d4 cxd4 5. Qxd4 Nc6 6. Qe3 e6 7. b3 Be7 8. Bb2 a6 9. O-O-O Qc7 10.
h3 b5 11. g4 Bb7 12. g5 Nd7 13. Kb1 Nc5 14. Rg1 O-O-O 15. Nd4 b4 16. Nce2 Na7 17. Ng3 Kb8 18. f4 Rhe8 19. Rg2 e5 20.
Ndf5 Bf8 21. fxe5 dxe5 22. Rgd2 Rxd2 23. Rxd2 Nb5 24. Bxb5 axb5 25. Qe2 f6 26. Ne3 Rd8 27. Nd5 Qd7 28.
Qf1 Qe6 29. gxf6 Nxe4 30. Nxe4 Rxd5 31. Ng5 Qxf6 32. Rf2 Rd1+ 33. Qxd1 Qxf2 34. Qd8+ Ka7 35. Ne6 Qg1+ 36. Bc1 1-0

[ePGN "0.1;DGT LiveChess/2.2.6"]

[Event "TePe Sigeman & Co Chess Tournament 2024"]
[Site "Elite Plaza Hotel, Gustav Adolfs Torg 49, Malmo, Sweden"]
[Date "2024.05.01"]
[Round "5.3"]
[White "Grandelius, Nils"]
[Black "Maurizzi, Marc'Andria"]
[Result "1/2-1/2"]
[TimeControl "90 minutes for 40 moves + 30 minutes for the rest of the game + 30 seconds per move from move one."]
[WhiteTitle "GM"]
[BlackTitle "GM"]
[WhiteFideId "1710400"]
[BlackFideId "36083534"]
[WhiteElo "2664"]
[BlackElo "2605"]

1. e4 e5 2. Nf3 Nc6 3. Bb5 a6 4. Ba4 Nf6 5. d3 Bc5 6. O-O d6 7. c3 O-O 8. h3 Ba7 9. Re1 Nh5 10.
d4 Qf6 11. Nbd2 b5 12. Bc2 Nf4 13. Nf1 g5 14. Ne3 Kh8 15. Nf5 Bxf5 16. exf5 exd4 17. h4 d3 18. Bxd3 Nxd3 19. Qxd3 g4 20.
Bg5 Qg7 21. f6 Qg6 22. Qd5 gxf3 23. Qxc6 h6 24. Qxf3 hxg5 25. hxg5 Rae8 26. g3 Kg8 27. Kg2 Qc2 28. Re7 Rxe7 29.
fxe7 Re8 30. Re1 Qd2 31. Re2 Qxg5 32. Qc6 Rxe7 33. Qa8+ Kg7 34. Rxe7 Qxe7 35. Qxa7 Qe4+ 36. Kh2 Qh7+ 37.
Kg2 Qe4+ 38. Kh2 Qh7+ 39. Kg2 Qe4+ 1/2-1/2

[ePGN "0.1;DGT LiveChess/2.2.6"]

[Event "TePe Sigeman & Co Chess Tournament 2024"]
[Site "Elite Plaza Hotel, Gustav Adolfs Torg 49, Malmo, Sweden"]
[Date "2024.05.01"]
[Round "5.4"]
[White "Ju, Wenjun"]
[Black "Abdusattorov, Nodirbek"]
[Result "1/2-1/2"]
[TimeControl "90 minutes for 40 moves + 30 minutes for the rest of the game + 30 seconds per move from move one."]
[WhiteTitle "GM"]
[BlackTitle "GM"]
[WhiteFideId "8603006"]
[BlackFideId "14204118"]
[WhiteElo "2559"]
[BlackElo "2765"]

1. e4 c5 2. c3 Nf6 3. e5 Nd5 4. Nf3 e6 5. d4 cxd4 6. cxd4 d6 7. Bc4 Be7 8. O-O O-O 9. Re1 Nc6 10.
Qe2 Bd7 11. exd6 Bxd6 12. Nc3 Nce7 13. Bg5 f6 14. Bd2 Kh8 15. Ne4 Qb6 16. b4 Ng6 17. g3 Rae8 18. h4 Nge7 19. Nc5 Bxc5 20.
dxc5 Qc7 21. Qe4 Rd8 22. Bd3 g6 23. h5 e5 24. hxg6 Bf5 25. Qc4 Bxd3 26. Qxd3 hxg6 27. Qe4 Kg7 28.
Kg2 Rh8 29. Rh1 Qc6 30. Rae1 Rxh1 31. Kxh1 Rh8+ 32. Kg2 Kf7 33. Qg4 Kg7 34. Qe4 a6 35. a3 Kf7 36. Qg4 Nc7 37. Qc4+ Ne6 38.
Qe4 Rd8 39. Qxc6 Nxc6 40. Bc3 Nc7 41. Kf1 g5 42. Bb2 a5 43. bxa5 Ne6 44. Rb1 Nxc5 45. Ke2 Ke6 46. Bc3 Rd3 47.
Bb4 Rb3 48. Rc1 Nxb4 49. axb4 Na6 50. Nd2 Rxb4 51. f3 Rb2 52. g4 Nb4 53. Ra1 Na6 54. Ke3 Nc5 55. Ra3 Rb5 56. Ra2 Na6 57.
Ne4 Rb3+ 58. Ke2 Ke7 59. Rd2 Rb5 60. Nd6 Rxa5 61. Nxb7 Ra3 62. Nd6 Nc5 63. Nf5+ Kf7 64. Rd5 Ra2+ 65.
Ke1 Ra1+ 66. Ke2 Rc1 67. Kd2 Nb3+ 68. Ke2 Rc7 69. Rd6 Kg6 70. Rd8 Rh7 71. Rg8+ Kf7 72. Rd8 Rh2+ 73. Ke1 Nc5 74. Rd5 Rc2 75. Kd1 Rc3 76.
Kd2 Rc4 77. Rxe5 fxe5 78. Nd6+ Ke6 79. Nxc4 e4 80. fxe4 Nxe4+ 81. Ke3 Nf6 82. Kf3 Kf7 1/2-1/2